 Dungeon Crawl Stone Soup version 0.27.0-1-g7a089689b8 (webtiles) character file.

Game seed: 6958679511677884820

3 Malachi the Grasshopper (level 1, 0/9 HPs)
             Began as a Felid Warper on Aug 15, 2021.
             Slain by a bat (1 damage)
             ... on level 1 of the Dungeon.
             The game lasted 00:00:43 (176 turns).

Malachi the Grasshopper (Felid Warper)               Turns: 176, Time: 00:00:44

Health: 0/9        AC:  1    Str:  7    XL:     1   Next: 41%
Magic:  4/4        EV: 17    Int: 14    God:
Gold:   5          SH:  0    Dex: 15    Spells: 4/4 levels left
                                        Lives:  0   Deaths: 0

rFire    . . .     SeeInvis +     - Unarmed
rCold    . . .     Faith    .   (shield unavailable)
rNeg     . . .     Spirit   .   (armour unavailable)
rPois    .         Reflect  .   (helmet unavailable)
rElec    .         Harm     .   (cloak unavailable)
rCorr    .         Rampage  .   (gloves unavailable)
Will     .....                  (boots unavailable)
Stlth    +.........             (no amulet)
HPRegen  0.03/turn              (no ring)
MPRegen  0.09/turn              (no ring)

@: quick
A: very small, claws 1, fangs 3, see invisible, speed 1, shaggy fur 1, stealthy
paws, no weapons or thrown items, no armour, multi-lived
a: no special abilities


You were on level 1 of the Dungeon.
You visited 1 branch of the dungeon, and saw 2 of its levels.

You collected 5 gold pieces.

Inventory:

Scrolls
 a - a scroll of blinking
 b - a scroll of identify {unknown}


   Skills:
 + Level 2.0 Fighting
 + Level 3.2 Dodging
 + Level 2.0 Unarmed Combat
 + Level 2.0 Spellcasting
 + Level 4.7 Translocations


You had 4 spell levels left.
You didn't know any spells.
Your spell library contained the following spells:

 Spells                   Type           Power      Damage    Failure   Level
 Blink                    Tloc           N/A        N/A       5%          2
 Gell's Gravitas          Tloc           7%         N/A       11%         3
 Lesser Beckoning         Tloc           7%         N/A       11%         3
 Teleport Other           Tloc           14%        N/A       11%         3
 Manifold Assault         Tloc           14%        N/A       67%         5


Dungeon Overview and Level Annotations

Branches:
Dungeon (2/15)

Altars:


Innate Abilities, Weirdness & Mutations

You have sharp claws.
You have razor-sharp teeth.
You have supernaturally acute eyesight. (SInv)
You cover ground quickly. (Speed+)
You are covered in fur. (AC +1)
Your paws help you pounce on unaware monsters.
You are incapable of wielding weapons or throwing items.
You cannot wear armour.
You gain extra lives every three experience levels.


Message History

The bat completely misses you. The bat misses you.
The bat completely misses you.
The frilled lizard hisses.
The bat closely misses you. The bat completely misses you.
The bat hits you but does no damage. The bat hits you but does no damage.
The bat misses you. The bat closely misses you. The bat closely misses you.
The bat completely misses you. The bat hits you. The bat misses you.
The bat barely misses you. The bat hits you but does no damage.
The bat barely misses you. The bat hits you but does no damage.
The bat hits you but does no damage. The bat hits you but does no damage.
The bat closely misses you.
Found a stone staircase leading up.
The adder hisses angrily.
The bat hits you.
* * * LOW HITPOINT WARNING * * *
A ball python comes into view.
A bat comes into view.
The bat barely misses you.
Found a purple potion.
The bat hits you.
* * * LOW HITPOINT WARNING * * *
The bat hits you but does no damage. The bat completely misses you.
The bat misses you. x2
There is a stone staircase leading up here.
The bat closely misses you. The bat completely misses you.
You climb upwards.
A frilled lizard and an endoplasm come into view.
There is a stone staircase leading down here.
Unknown command.
The bat completely misses you.
The endoplasm quivers.
The bat hits you.
You die...

..# #.# #.#
###.###
#.....#
#####.....#
..........#
#..@..#
#...bl####.#
##.#.>.J...#
##.#........
###########


You could see an endoplasm, a bat and a frilled lizard.

Vanquished Creatures
  A hobgoblin (D:1)
  A quokka (D:1)
  A ball python (D:1)
3 creatures vanquished.

Notes
Turn   | Place    | Note
-------+----------+-------------------------------------------
     0 | D:1      | Malachi the Felid Warper began the quest for the Orb.
     0 | D:1      | Reached XP level 1. HP: 9/9 MP: 4/4
   176 | D:1      | Slain by a bat

Illustrated notes

Levels and vault maps discovered:
D:1:      tarquinn_simple_flora_water_a, layout_loops_ring,
          ebering_ecumenical_altar_hall
D:2:      layout_rooms, basic_altar, supply_closet_lemuel

Action                   || total
-------------------------++-------
Melee: Unarmed           ||    10
       Bite              ||     2
 Stab: Sleeping          ||     1
Armor: Skin              ||     9
Dodge: Dodged            ||    53
